 Dungeon Crawl Stone Soup version 0.27-a0-1296-g8ece459b43 (webtiles) character file.

Game seed: 16047634248412103310

10325 Delamore the Carver (level 11, -4/90 HPs)
             Began as a Formicid Fighter on June 16, 2021.
             Was an Initiate of Gozag.
             Slain by a sixfirhy (8 damage)
             ... led by a cacodemon
             ... on level 2 of the Abyss.
             The game lasted 00:11:07 (8591 turns).

Delamore the Carver (Formicid Fighter)              Turns: 8591, Time: 00:11:08

Health: -4/90      AC: 10    Str: 28    XL:     11   Next: 90%
Magic:  11/11      EV: 12    Int:  7    God:    Gozag
Gold:   578        SH: 11    Dex: 13    Spells: 10/10 levels left

rFire    . . .     SeeInvis +   K - +7 pair of quick blades "Gyre" and "Gimble" {protect}
rCold    + . .     Faith    .   c - +0 kite shield
rNeg     . . .     Spirit   .   y - +0 chain mail "Imuseli" {Regen+ Str+3 Dex+3 SInv}
rPois    .         Reflect  .   (helmet unavailable)
rElec    .         Harm     .   i - +0 cloak
rCorr    .         Rampage  .   t - +0 pair of gloves
Will     +....                  (no boots)
Stlth    ..........             (no amulet)
HPRegen  0.00/turn              f - +4 ring of evasion
MPRegen  0.12/turn              q - ring of protection from cold

@: diseased
A: permanent stasis, dig shafts and tunnels, antennae 3, four strong arms,
deformed body
a: Dig, Shaft Self, Renounce Religion, Potion Petition, Call Merchant, Bribe
Branch


You were on level 2 of the Abyss.
You worshipped Gozag.
Gozag was pleased with you.
You visited 2 branches of the dungeon, and saw 11 of its levels.
You visited the Abyss 1 time.
You also visited: Sewer.

You collected 1356 gold pieces.
You spent 673 gold pieces at shops.
You paid 105 gold pieces to Gozag.

Inventory:

Hand Weapons
 a - a +1 trident
 p - the +4 long sword "Wiuquc" {speed, rF+ Dex+3}
   (You found it on level 4 of the Dungeon)

   Attacks with this weapon are significantly faster.
   It affects your dexterity (+3).
   It protects you from fire.
 B - a +0 dagger
 K - the +7 pair of quick blades "Gyre" and "Gimble" (weapon) {protect}
   (You bought it in a shop on level 2 of the Dungeon)

   It grants its wielder temporary protection when it strikes (+7 to AC).
Missiles
 u - 13 poisoned darts
 H - 17 boomerangs
 M - 5 curare-tipped darts
Armour
 c - a +0 kite shield (worn)
 i - a +0 cloak (worn)
 t - a +0 pair of gloves (worn)
 y - the +0 chain mail "Imuseli" (worn) {Regen+ Str+3 Dex+3 SInv}
   (You found it on level 6 of the Dungeon)

   It affects your strength (+3).
   It affects your dexterity (+3).
   It lets you see invisible.
   It increases your rate of health regeneration.
 L - a scarf of harm
Jewellery
 f - a +4 ring of evasion (left hand)
 q - a ring of protection from cold (right hand)
 x - a ring of magical power
 D - a +6 ring of strength
 I - a ring of wizardry
Wands
 b - a wand of iceblast (12)
 o - a wand of acid (10)
 s - a wand of mindburst (24)
 w - a wand of polymorph (3)
 O - a wand of flame (16)
Scrolls
 n - 2 scrolls of enchant weapon
 v - 3 scrolls of identify
 C - a scroll of magic mapping
 E - 3 scrolls of noise
 G - 2 scrolls of acquirement {unknown}
 N - a scroll of amnesia {unknown}
Potions
 d - 4 potions of might
 e - 2 potions of heal wounds
 g - 3 potions of brilliance
 h - 3 potions of degeneration
 j - 2 potions of lignification
 k - 2 potions of curing
 l - 8 potions of flight
 m - a potion of cancellation {unknown}
 r - 3 potions of haste {unknown}
 z - 2 potions of resistance {unknown}
 A - 2 potions of attraction {unknown}
 F - a potion of invisibility {unknown}
 J - 3 potions of magic {unknown}


   Skills:
 + Level 9.7 Fighting
 + Level 6.2(9.0) Short Blades
 - Level 10.0(10.7) Long Blades
 - Level 6.0 Polearms
 + Level 9.0 Armour
 - Level 7.0 Shields


You had 10 spell levels left.
You didn't know any spells.
Your spell library contained the following spells:

 Spells                   Type           Power      Damage    Failure   Level
 Beastly Appendage        Tmut           0%         N/A       97%         1
 Freeze                   Ice            0%         1d3       97%         1
 Wereblood                Tmut           0%         N/A       99%         2
 Confusing Touch          Hex            0%         N/A       100%        3
 Frozen Ramparts          Ice            0%         1d2       100%        3
 Gell's Gravitas          Tloc           0%         N/A       100%        3
 Ozocubu's Armour         Ice            0%         N/A       100%        3
 Spider Form              Tmut/Pois      0%         N/A       100%        3
 Hailstorm                Conj/Ice       0%         3d3       100%        4
 Ice Form                 Ice/Tmut       0%         N/A       100%        4
 Petrify                  Tmut/Erth      0%         N/A       100%        4
 Metabolic Englaciation   Hex/Ice        0%         N/A       100%        5
 Yara's Violent Unravell  Hex/Tmut       0%         3d3       100%        5


Dungeon Overview and Level Annotations

Branches:
Dungeon (10/15)            Temple (1/1) D:7            Lair (0/6) D:8
    Orc (0/2) D:9           Sewer (visited)

Altars:
Ashenzari
Cheibriados
Dithmenos
Gozag
Kikubaaqudgha
Nemelex Xobeh
Okawaru
Qazlal
Ru
Trog
Uskayaw
Vehumet
Wu Jian
Xom
Yredelemnul
The Shining One
Beogh
Lugonu

Shops:
D:1 :   D:2 (:*((   D:5 (!   D:6 [   D:10 (


Innate Abilities, Weirdness & Mutations

You cannot be hasted, slowed, berserked, paralysed or teleported.
You can dig through walls and to a lower floor.
You have a pair of large antennae on your head. (SInv)
Your four strong arms can wield two-handed weapons with a shield.
Armour fits poorly on your strangely shaped body.


Message History

The cacodemon gestures at you.
Strange energies course through your body.
Your body twists and deforms.
You feel yourself growing ill in the presence of the ancient zyme.
The sixfirhy misses you. The sixfirhy barely misses you.
The sixfirhy closely misses you.
A spatial vortex comes into view.
Found a scroll of teleportation.
The cacodemon gestures at you. You resist with significant effort.
You feel ill.
The demonic crawler gives a hideous shriek!
The sixfirhy hits you but does no damage.
The sixfirhy completely misses you.
A large abomination comes into view.
You block the sixfirhy's attack. The sixfirhy hits you!
The sixfirhy shocks you! You block the sixfirhy's attack.
A spatial vortex comes into view.
The sixfirhy barely misses you. The spatial vortex closely misses you.
The demonic crawler hits you but does no damage.
You block the demonic crawler's attack. The demonic crawler misses you.
You see here a scroll labelled GAQIRA ODDIEREA.
G - 2 scrolls labelled GAQIRA ODDIEREA (gained 1)
A thrashing horror comes into view.
The demonic crawler hits you but does no damage.
The demonic crawler hits you. You block the demonic crawler's attack.
The sixfirhy hits you. The sixfirhy shocks you!
The thrashing horror roars!
The sixfirhy misses you. The sixfirhy hits you. The sixfirhy shocks you!
You block the sixfirhy's attack.
The demonic crawler hits you but does no damage.
You block the demonic crawler's attack. The demonic crawler hits you!
* * * LOW HITPOINT WARNING * * *
The sixfirhy hits you!
* * * LOW HITPOINT WARNING * * *
The sixfirhy shocks you!
* * * LOW HITPOINT WARNING * * *
The sixfirhy hits you!
You die...
Your body crumbles into a pile of gold.

.... .({................
#[.... .....#.....#.....
##...###..*###..2###...#
#.....#.....#.....#.....
...................X.v..
§≈.. ..[........x.......
≈≈.............s....X...
... .#.....#...33#..?..
. ≈#.. ###..@###...#
#### #.≈...# ....
#≈##### #≈ #. {


You could see a cacodemon, a demonic crawler, a spatial vortex, an ancient zyme,
a thrashing horror, 2 sixfirhies and a lurking horror.

Vanquished Creatures
  3 two-headed ogres
  4 thrashing horrors
  A glowing orange brain (Abyss:2)
  An ugly thing (D:8)
  An orange demon (Abyss:2)
  Psyche (D:7)
  2 ancient zymes
  4 starcursed masses (D:7)
  A wyvern (D:5)
  A vampire (Abyss:2)
  7 yaks
  A ynoxinul (Abyss:2)
  4 small abominations
  A steam dragon (D:7)
  Menkaure (D:6)
  2 large abominations
  Edmund (D:6)
  3 black bears
  9 orc warriors
  A hornet zombie (D:6)
  An ice beast (D:7)
  A sky beast (D:6)
  A necrophage (D:6)
  2 ogres
  A centaur (D:5)
  2 kobold brigands
  Blork the orc (D:6)
  A bullfrog (D:8)
  A water moccasin zombie (D:6)
  A wyvern skeleton (D:6)
  A water moccasin skeleton (D:6)
  7 killer bees
  3 wights (D:9)
  8 howler monkeys
  The ghost of 27snakeeyes612 the Skirmisher, a weakling VSFi (D:3)
  A quasit (Abyss:2)
  A hound (D:5)
  2 jellies
  2 centaur skeletons
  6 iguanas
  6 orc priests
  Jessica (D:2)
  13 orc wizards
  Terence (D:3)
  2 hound skeletons
  7 adders
  7 gnolls
  2 river rats (Sewer)
  A shadow imp (D:5)
  2 white imps
  An ufetubus (D:4)
  An adder skeleton (D:4)
  2 dart slugs (D:2)
  2 worms
  43 orcs
  5 endoplasms
  5 giant cockroaches
  4 goblins
  7 hobgoblins
  7 jackals
  A quokka (D:2)
  11 ball pythons
  5 bats
  3 frilled lizards (D:3)
  14 kobolds
  7 rats
253 creatures vanquished.

Vanquished Creatures (others)
  A killer bee (D:7)
1 creature vanquished.

Grand Total: 254 creatures vanquished

Notes
Turn   | Place    | Note
-------+----------+-------------------------------------------
     0 | D:1      | Delamore the Formicid Fighter began the quest for the Orb.
     0 | D:1      | Reached XP level 1. HP: 18/18 MP: 1/1
    98 | D:1      | Found a faded altar of an unknown god.
   125 | D:1      | Became a worshipper of Lugonu the Unformed
   125 | D:1      | Reached * piety under Lugonu
   125 | D:1      | Reached ** piety under Lugonu
   196 | D:1      | Reached XP level 2. HP: 24/24 MP: 2/2
   199 | D:1      | Found Niom's Book Emporium.
   286 | D:1      | You fall into a shaft and drop 1 floor!
   297 | D:2      | Found Zuledo's Antique Weapon Shop.
   311 | D:2      | Reached XP level 3. HP: 11/30 MP: 3/3
   767 | D:2      | Noticed Jessica
   774 | D:2      | Killed Jessica
   775 | D:2      | Reached XP level 4. HP: 32/37 MP: 4/4
   901 | D:2      | Found Xicuuczi's Assorted Antiques.
   909 | D:2      | Found Biuxt's Weapon Shop.
   985 | D:2      | Found Cerussof's Weapon Shoppe.
   986 | D:2      | Reached *** piety under Lugonu
  1046 | D:2      | Found a snail-covered altar of Cheibriados.
  1242 | D:2      | Found Tuptyus's Book Shoppe.
  1358 | D:3      | Found a glowing drain.
  1364 | D:3      | Reached XP level 5. HP: 42/42 MP: 5/5
  1379 | Sewer    | Entered a sewer
  1515 | Sewer    | Noticed a kobold brigand
  1530 | Sewer    | Killed a kobold brigand
  1531 | Sewer    | Reached XP level 6. HP: 26/49 MP: 6/6
  1717 | Sewer    | Found a white marble altar of Elyvilon.
  1841 | D:3      | Reached skill level 5 in Polearms
  1852 | D:3      | Noticed 27snakeeyes612's ghost (weakling VSFi)
  1853 | D:3      | Found a runed translucent gate.
  1853 | D:3      | Found a runed translucent gate.
  1853 | D:3      | Found a runed translucent gate.
  1908 | D:3      | Noticed Terence
  1923 | D:3      | Killed Terence
  2167 | D:3      | Reached skill level 5 in Fighting
  2679 | D:4      | Identified the +4 long sword "Wiuquc" {speed, rF+ Dex+3}
  2705 | D:4      | Reached XP level 7. HP: 40/56 MP: 7/7
  2984 | D:4      | Reached **** piety under Lugonu
  2985 | D:4      | Reached skill level 2 in Long Blades
  3149 | D:5      | Entered Level 5 of the Dungeon
  3162 | D:5      | Reached skill level 3 in Long Blades
  3518 | D:5      | Reached skill level 4 in Long Blades
  3588 | D:5      | Found Zempoger's Distillery.
  3599 | D:5      | Bought a potion of degeneration for 13 gold pieces
  3930 | D:5      | Reached XP level 8. HP: 62/62 MP: 8/8
  4011 | D:5      | Found Ajitun's Firing Range.
  4051 | D:5      | Noticed a wyvern
  4056 | D:5      | Killed a wyvern
  4057 | D:5      | Reached skill level 5 in Long Blades
  4192 | D:6      | Noticed Blork the orc
  4205 | D:6      | Killed Blork the orc
  4206 | D:6      | Reached skill level 6 in Long Blades
  4208 | D:6      | Identified the +7 hand axe "Siorym" {vamp, Contam *Rage
                  | rCorr Dex+8}
  4301 | D:6      | Noticed Edmund
  4317 | D:6      | Killed Edmund
  4335 | D:6      | Identified the +0 chain mail "Imuseli" {Regen+ Str+3 Dex+3
                  | SInv}
  4437 | D:6      | Reached skill level 7 in Long Blades
  4483 | D:6      | Reached skill level 8 in Long Blades
  4483 | D:6      | Reached XP level 9. HP: 49/68 MP: 9/9
  4646 | D:6      | Reached skill level 9 in Long Blades
  4698 | D:6      | Noticed Menkaure
  4703 | D:6      | Killed Menkaure
  4716 | D:6      | Reached skill level 10 in Long Blades
  4812 | D:6      | Found Adenweodys's Antique Armour Boutique.
  5238 | D:7      | Reached ***** piety under Lugonu
  5346 | D:7      | Found a staircase to the Ecumenical Temple.
  5357 | Temple   | Entered the Ecumenical Temple
  5386 | Temple   | Fell from the grace of Lugonu
  5386 | Temple   | Became a worshipper of Gozag Ym Sagoz the Greedy
  5623 | D:7      | Reached skill level 5 in Shields
  5623 | D:7      | Reached XP level 10. HP: 71/76 MP: 10/10
  5669 | D:7      | Found a glowing golden altar of the Shining One.
  5902 | D:8      | Noticed Psyche
  5905 | D:8      | Reached skill level 5 in Armour
  5936 | D:7      | Killed Psyche
  6143 | D:8      | Noticed a white ugly thing
  6165 | D:8      | Killed a white ugly thing
  6166 | D:8      | Reached skill level 1 in Short Blades
  6225 | D:8      | Noticed a two-headed ogre
  6232 | D:8      | Killed a two-headed ogre
  6269 | D:8      | Noticed a thrashing horror
  6303 | D:8      | Killed a thrashing horror
  6474 | D:8      | Found a staircase to the Lair.
  6703 | D:9      | Noticed a thrashing horror
  6725 | D:9      | Killed a thrashing horror
  6902 | D:9      | Reached XP level 11. HP: 83/86 MP: 11/11
  7019 | D:9      | Noticed a two-headed ogre
  7035 | D:9      | Killed a two-headed ogre
  7070 | D:9      | Found a staircase to the Orcish Mines.
  7390 | D:7      | Noticed a starcursed mass
  7411 | D:7      | Killed a starcursed mass
  7412 | D:7      | Killed a starcursed mass
  7414 | D:7      | Killed a starcursed mass
  7415 | D:7      | Killed a starcursed mass
  7516 | D:2      | Noticed a thrashing horror
  7531 | D:2      | Killed a thrashing horror
  7535 | D:2      | Bought the +7 pair of quick blades "Gyre" and "Gimble"
                  | {protect} for 660 gold pieces
  7535 | D:2      | Found the +7 pair of quick blades "Gyre" and "Gimble"
                  | {protect}
  7777 | D:3      | Killed 27snakeeyes612's ghost
  8021 | D:10     | Entered Level 10 of the Dungeon
  8123 | D:10     | Reached skill level 5 in Short Blades
  8202 | D:10     | Found Yrphoic's Antique Weapon Emporium.
  8266 | D:10     | Noticed a two-headed ogre
  8275 | D:10     | Killed a two-headed ogre
  8456 | D:10     | Cast into level 2 of the Abyss (Lugonu's touch)
  8492 | Abyss:2  | Noticed a thrashing horror
  8512 | Abyss:2  | Killed a thrashing horror
  8521 | Abyss:2  | Noticed a glowing orange brain
  8522 | Abyss:2  | Noticed a large abomination
  8529 | Abyss:2  | Killed a glowing orange brain
  8537 | Abyss:2  | Killed a large abomination
  8579 | Abyss:2  | Noticed a cacodemon
  8579 | Abyss:2  | Noticed a sixfirhy
  8582 | Abyss:2  | Noticed a sixfirhy
  8582 | Abyss:2  | Gained mutation: Armour fits poorly on your strangely
                  | shaped body. [a cacodemon]
  8589 | Abyss:2  | Noticed a thrashing horror
  8591 | Abyss:2  | HP: 4/90 [sixfirhy[a cacodemon] (12)]
  8591 | Abyss:2  | Slain by a sixfirhy

Illustrated notes

Levels and vault maps discovered:
D:1:      lightli_arrival_boilingwater, layout_rooms, serial_shops, shop,
          shapermc_ecumenical_altar_mp_vishouse
D:2:      layout_rooms, serial_shops, shop_fountains, nicolae_shop_waterfront,
          nicolae_shop_stone, shop, nicolae_shop_behind_doors, basic_altar,
          mrwooster_statue_mirror, uniq_jessica
D:3:      layout_basic, biasface_ghost_orc_armoury,
          cheibrodos_sewer_entry_drain, kennysheep_generic_room_2, uniq_terence
D:4:      layout_gridville
D:5:      layout_gridville, serial_shops, nicolae_square_shop, st_stairs_3,
          serial_bayou_lagoon_a, nicolae_shop_firing_range
D:6:      layout_loops_cross, serial_shops, kennysheep_mini_moat, st_stairs_2,
          supply_closet_lemuel, uniq_edmund, uniq_menkaure, uniq_blork_the_orc
D:7:      layout_basic, overflow_temple_1_default, minmay_temple_entry_grid
D:8:      layout_rooms, lair_entry_dummy, uniq_psyche
D:9:      layout_roguey, david_orc_4
D:10:     layout_cave_pools, serial_shops,
          nicolae_shop_competitors_out_of_business
Temple:   nicolae_temple_the_god_donut
Abyss:2:  base: D:3, minivault_25, grunt_abyss_exit_deep_breaths

Skill      XL: |  1  2  3  4  5  6  7  8  9 10 11 |
---------------+----------------------------------+-----
Polearms       | 3 4 6 |  6.0
Fighting       | 4 5 7 9 |  9.7
Long Blades    | 4 8 10 | 10.0
Shields        | 5 7 |  7.0
Armour         | 4 6 9 |  9.0
Short Blades   | 3 6 |  6.2

Action                   |  1- 3 |  4- 6 |  7- 9 | 10-12 || total
-------------------------+-------+-------+-------+-------++-------
Melee: Trident           |   102 |   180 |       |       ||   282
       Long sword        |       |    11 |   284 |   356 ||   651
       Pair of quick bla |       |       |       |   121 ||   121
 Abil: Dig               |       |       |     4 |     3 ||     7
  Use: Scroll            |       |     3 |     7 |     2 ||    12
       Potion            |       |       |       |     3 ||     3
 Stab: Distracted        |       |       |       |     1 ||     1
Armor: Scale mail        |    66 |    54 |       |       ||   120
       Chain mail        |       |    17 |    93 |   115 ||   225
Dodge: Dodged            |    77 |    95 |   110 |   145 ||   427
Block: Kite shield       |    74 |   110 |   153 |   204 ||   541
       Rpst.: Long sword |       |       |    31 |    26 ||    57

Table legend: (Time is in decaauts)
 A = Elapsed time spent in this place.
 B = Non-inter-level travel time spent in this place.
 C = Inter-level travel time spent in this place.
 D = Time resting spent in this place.
 E = Time spent auto-exploring this place.
 F = Levels seen in this place.
 G = Mean time per level.
                   A        B        C        D        E       F      G
               +--------+--------+--------+--------+--------+-----+--------+
         Total |   8495 |   7829 |    666 |    569 |   5503 |  13 |  653.5 |
       Dungeon |   7913 |   7270 |    643 |    425 |   5283 |  10 |  791.3 |
        Temple |     53 |     30 |     23 |      0 |     24 |   1 |   53.0 |
         Abyss |    106 |    106 |      0 |      0 |      0 |   1 |  106.0 |
         Sewer |    421 |    421 |      0 |    144 |    196 |   1 |  421.0 |
               +--------+--------+--------+--------+--------+-----+--------+

Top non-repeatable levels by time:
     D:5: 1073 daAuts
     D:2: 950 daAuts
     D:6: 941 daAuts
     D:3: 862 daAuts
     D:7: 856 daAuts
     D:4: 853 daAuts
     D:9: 788 daAuts
     D:8: 605 daAuts
     D:1: 573 daAuts
   Sewer: 421 daAuts
    D:10: 408 daAuts
 Abyss:2: 106 daAuts
  Temple: 53 daAuts
